 Dungeon Crawl Stone Soup version 0.22-a0-305-gd21a89c (webtiles) character file.

1425 4thArraOfDagon the Reanimator (level 8, -3/59 HPs)
             Began as a Demigod Necromancer on Mar 30, 2018.
             Killed from afar by a deep elf mage (27 damage)
             ... with a bolt of lightning
             ... in a bailey.
             The game lasted 00:18:44 (3312 turns).

4thArraOfDagon the Reanimator (Demigod Necromancer) Turns: 3312, Time: 00:18:44

Health: -3/59      AC:  3    Str: 11      XL:     8   Next: 20%
Magic:  10/17      EV: 13    Int: 29      God:
Gold:   247        SH:  0    Dex: 15 (16) Spells: 4/15 levels left

rFire    . . .     SeeInvis .   o - +1 short sword (venom)
rCold    . . .     Gourm    .   (no shield)
rNeg     . . .     Faith    .   a - +1 robe
rPois    .         Spirit   .   (no helmet)
rElec    .         Reflect  .   (no cloak)
rCorr    .         Harm     .   (no gloves)
MR       .....                  (no boots)
Stlth    ++........             (no amulet)
HPRegen  1.19/turn              c - +6 ring of intelligence
MPRegen  0.15/turn              (no ring)

@: regenerating
A: high mp 1
a: no special abilities


You were in a bailey.
You were not hungry.

You visited 1 branch of the dungeon, and saw 7 of its levels.
You also visited: Sewer and Bailey.

You collected 247 gold pieces.

Inventory:

Hand Weapons
 o - a +1 short sword of venom (weapon)
Armour
 a - a +1 robe (worn)
Magical Staves
 t - an uncursed staff of wizardry {!a}
Jewellery
 c - a +6 ring of intelligence (left hand)
 i - the ring of Picig {rPois rF- rC++ Int-4 Dex+9 SInv}
   (You found it on level 5 of the Dungeon)

   [ring of poison resistance]

   It affects your intelligence (-4).
   It affects your dexterity (+9).
   It makes you vulnerable to fire.
   It greatly protects you from cold.
   It protects you from poison.
   It lets you see invisible.
 v - the ring of Hiaq {Fire Dex+5}
   (You found it on level 7 of the Dungeon)

   [ring of fire]

   It enhances your fire magic.
   It affects your dexterity (+5).
   It protects you from fire.
   It makes you vulnerable to cold.
Wands
 n - a wand of acid (9)
Scrolls
 b - a scroll of brand weapon {unknown}
 f - 4 scrolls of teleportation {unknown}
 g - a scroll of magic mapping
 l - a scroll of amnesia
 p - 4 scrolls of fear
 s - a scroll of blinking {unknown}
Potions
 e - a potion of haste
 h - a potion of agility
 j - 3 potions of heal wounds {unknown}
 m - a potion of mutation
 q - a potion of invisibility
 r - a potion of curing
Comestibles
 k - 8 rations
 u - 7 chunks of flesh


   Skills:
 + Level 1.5 Fighting
 + Level 2.5 Dodging
 - Level 1.7 Stealth
 - Level 4.0 Spellcasting
 - Level 9.1 Necromancy


You had 4 spell levels left.
You knew the following spells:

 Your Spells              Type           Power        Failure   Level  Hunger
a - Pain                  Necr           ####         1%          1    None
b - Vampiric Draining     Necr           ######....   1%          3    ##.....
c - Regeneration          Chrm/Necr      ####......   3%          3    ##.....
d - Animate Dead          Necr           N/A          1%          4    ####...


Dungeon Overview and Level Annotations

Branches:
Dungeon (7/15)             Temple (0/1) D:7

Annotations:
D:6 Slobodan's ghost, novice HaAM


Innate Abilities, Weirdness & Mutations

You have an increased reservoir of magic. (+10% MP)


Message History

There is an open door here.
Unknown command.
A deep elf mage comes into view. It is wielding a long sword.
The deep elf mage shouts!
The deep elf mage gestures wildly while chanting.
The deep elf mage blinks!
Unknown command.
The deep elf mage gestures at you while chanting.
The bolt of lightning hits you! The bolt of lightning misses you.
Unknown command.
Unknown command.
Evoke which item? (* to show all) (? for menu, Esc to quit)
Okay, then.
Okay, then.
Casting: Vampiric Draining (safe; 1% risk of failure)
Confirm with . or Enter, or press ? or * to list all spells.
Your skin crawls.
The deep elf mage casts a spell at you. The bolt of lightning misses you.
The bolt of lightning hits you!
You die...

#####
##...##
#..∩..#
#.....# #.
##...##
#..##'####
#..@#
#.....#
#..∩e.#
#.....#
##....#
#####+


You could see a deep elf mage.

Vanquished Creatures
  2 ice beasts
  2 orc warriors
  2 sky beasts
  2 ogres
  A howler monkey (D:4)
  A quasit (D:5)
  A jelly (D:5)
  2 hounds
  A centaur skeleton (D:5)
  2 orc priests
  3 orc wizards (D:4)
  3 worker ants
  A hound zombie (D:5)
  3 gnolls (D:5)
  7 adders
  A river rat (Sewer)
  An ooze (D:2)
  An adder skeleton (D:4)
  5 worms
  2 dart slugs (D:2)
  5 leopard geckos
  34 orcs
  5 ball pythons
  3 bats
  6 giant cockroaches
  9 goblins
  3 hobgoblins
  5 jackals
  3 quokkas
  10 frilled lizards
  3 kobolds
  A quokka skeleton (D:4)
  9 rats
139 creatures vanquished.

Notes
Turn   | Place    | Note
-------+----------+-------------------------------------------
     0 | D:1      | 4thArraOfDagon the Demigod Necromancer began the quest for the Orb.
     0 | D:1      | Reached XP level 1. HP: 14/14 MP: 5/5
   179 | D:1      | Reached XP level 2. HP: 13/20 MP: 5/7
   226 | D:2      | Reached skill level 4 in Necromancy
   346 | D:1      | Reached XP level 3. HP: 26/26 MP: 9/9
   351 | D:1      | Learned a level 3 spell: Vampiric Draining
   912 | D:3      | Learned a level 3 spell: Regeneration
   959 | D:3      | Reached XP level 4. HP: 33/33 MP: 3/10
  1082 | D:4      | Reached skill level 5 in Necromancy
  1151 | D:4      | Reached XP level 5. HP: 15/38 MP: 0/12
  1183 | D:4      | Noticed an ice beast
  1407 | D:4      | Killed an ice beast
  1407 | D:4      | Reached skill level 6 in Necromancy
  1407 | D:4      | Reached XP level 6. HP: 34/45 MP: 4/14
  1442 | D:4      | Learned a level 4 spell: Animate Dead
  1916 | D:5      | Entered Level 5 of the Dungeon
  2057 | D:5      | Reached skill level 7 in Necromancy
  2057 | D:5      | Reached XP level 7. HP: 38/50 MP: 5/16
  2063 | D:5      | Got a pitted brass ring
  2064 | D:5      | Identified the ring of Picig {rPois rF- rC++ Int-4 Dex+9 SInv} (You found it on level 5 of the Dungeon)
  2161 | D:5      | Found a glowing drain.
  2187 | Sewer    | Entered a sewer
  2595 | D:5      | Reached skill level 8 in Necromancy
  2995 | D:6      | Noticed Slobodan's ghost (novice HaAM)
  3049 | D:7      | Found a staircase to the Ecumenical Temple.
  3077 | D:7      | Got a wavering brass ring
  3083 | D:7      | Identified the ring of Hiaq {Fire Dex+5} (You found it on level 7 of the Dungeon)
  3126 | D:6      | Reached XP level 8. HP: 32/57 MP: 14/17
  3148 | D:6      | Reached skill level 9 in Necromancy
  3176 | D:7      | Reached skill level 1 in Fighting
  3288 | D:7      | Found a flagged portal.
  3305 | Bailey   | Entered a bailey
  3310 | Bailey   | Noticed a deep elf mage
  3312 | Bailey   | Killed from afar by a deep elf mage

Vault maps used:
D:1:      dpeg_arrival_boxes_within_box
D:2:      okawaru_ov_weapons_minmay
D:3:      minmay_diamond_boxcup, overflow_temple_1_default, serial_bayou,
          serial_bayou_pond_b, serial_bayou_pond_a, serial_bayou_pond_d
D:5:      cheibrodos_sewer_entry_bend, first_ration
D:6:      grunt_temple_overflow_open
D:7:      temple_fountains, enter_bailey_3, corexii_corridor_pit,
          elyvilon_altar_4
Sewer:    sewer_co_cracked_pipes
Bailey:   bailey_polearm_3, bailey

Skill      XL: |  1  2  3  4  5  6  7  8 |
---------------+-------------------------+-----
Spellcasting   | 2 3 4 |  4.0
Necromancy     | 4 5 6 7 8 9 |  9.1
Fighting       | 1 |  1.5
Dodging        | 2 |  2.5
Stealth        | |  1.7

Action                   |  1- 3 |  4- 6 |  7- 9 || total
-------------------------+-------+-------+-------++-------
Melee: Spear             |    79 |   146 |       ||   225
       Short sword       |       |    10 |   156 ||   166
 Cast: Pain              |    17 |       |       ||    17
       Vampiric Draining |     8 |    28 |    24 ||    60
       Regeneration      |       |     4 |     9 ||    13
Evoke: Wand              |       |       |     2 ||     2
  Use: Scroll            |       |       |    14 ||    14
 Stab: Sleeping          |     3 |     5 |     2 ||    10
       Distracted        |       |       |     1 ||     1
  Eat: Ration            |     1 |       |       ||     1
       Chunk             |     2 |     6 |     6 ||    14
Armor: Robe              |    14 |    18 |    41 ||    73
Dodge: Dodged            |    32 |   103 |   149 ||   284

Table legend:
 A = Spawn XP
 B = Non-spawn XP
 C = Spawn XP percentage of total XP
 D = Spawn monster count
 E = Non-spawn monster count
 F = Spawn count percentage of total count
 G = Total turns spent on level
                    A         B        C        D         E        F      G
               +---------+---------+-------+---------+---------+-------+---------
         Total |       0 |    2037 |   0.0 |       0 |     139 |   0.0 |  3312
               +---------+---------+-------+---------+---------+-------+---------
           D:1 |       0 |      22 |   0.0 |       0 |      12 |   0.0 |   337
           D:2 |       0 |      32 |   0.0 |       0 |       7 |   0.0 |   358
           D:3 |       0 |     105 |   0.0 |       0 |      29 |   0.0 |   492
           D:4 |       0 |     621 |   0.0 |       0 |      30 |   0.0 |   781
           D:5 |       0 |     844 |   0.0 |       0 |      28 |   0.0 |   728
           D:6 |       0 |     150 |   0.0 |       0 |       7 |   0.0 |   145
           D:7 |       0 |     223 |   0.0 |       0 |      10 |   0.0 |   199
         Sewer |       0 |      40 |   0.0 |       0 |      16 |   0.0 |   265
               +---------+---------+-------+---------+---------+-------+---------
